 Dungeon Crawl Stone Soup version 0.30.0-3-ga4e48a9924 (webtiles) character file.

Game seed: 10440352117579589448

9290 zazu2006 the Nimble (level 11, -1/83 HPs)
             Began as a Gnoll Wanderer on May 7, 2023.
             Was an Elder of Vehumet.
             Slain by a freezing wraith (11 damage)
             ... in an ice cave.
             The game lasted 00:31:01 (10261 turns).

zazu2006 the Nimble (Gnoll Wanderer)               Turns: 10261, Time: 00:31:02

Health: -1/83      AC:  8    Str: 11    XL:     11   Next: 44%
Magic:  16/21      EV: 20    Int: 22    God:    Vehumet [****..]
Gold:   578        SH:  8    Dex: 14    Spells: 13/24 levels left

rFire   x . .        l - +8 falchion of Zaps {freeze, Drain rF- Int+8 SInv}
rCold   . . .        Q - +2 buckler
rNeg    + . .        e - +0 leather armour
rPois   .            J - +0 helmet
rElec   .            m - +0 cloak
rCorr   .            (no gloves)
SInv    +            S - +0 pair of boots
Will    .....        f - amulet of magic regeneration
Stlth   +++          a - +5 ring of evasion
HPRegen 0.33/turn    B - ring of positive energy
MPRegen 0.57/turn

%: no passive effects
@: flying, slowed, very slow
A: fangs 1, strong nose, distributed training
a: Renounce Religion


You were in an ice cave.
You worshipped Vehumet.
Vehumet was greatly pleased with you.
You visited 3 branches of the dungeon, and saw 11 of its levels.
You also visited: Ice Cave.

You collected 612 gold pieces.
You spent 34 gold pieces at shops.

Inventory:

Hand Weapons
 l - the +8 falchion of Zaps (weapon) {freeze, Drain rF- Int+8 SInv}
   (You found it on level 2 of the Dungeon)

   Int:       It affects your intelligence (+8).
   rF:        It makes you vulnerable to fire.
   SInv:      It lets you see invisible.
   Drain:     It drains your maximum health when unequipped.
 L - the +8 quarterstaff of Uskayaw, Imbibing {protect, rC- Will+++ rCorr Str+4}
   (You found it on level 6 of the Dungeon)

   Str:       It affects your strength (+4).
   rC:        It makes you vulnerable to cold.
   rCorr:     It protects you from acid and corrosion.
   Will:      It greatly increases your willpower.
Missiles
 b - 5 throwing nets (quivered)
Armour
 e - a +0 leather armour (worn)
 m - a +0 cloak (worn)
 J - a +0 helmet (worn)
 N - a +0 kite shield
 Q - a +2 buckler (worn)
 S - a +0 pair of boots (worn)
Jewellery
 a - a +5 ring of evasion (left hand)
 f - an amulet of magic regeneration (around neck)
 B - a ring of positive energy (right hand)
 I - a ring of poison resistance
Wands
 c - a wand of polymorph (8)
 p - a wand of quicksilver (3)
 q - a wand of digging (3)
 C - a wand of paralysis (17)
 G - a wand of flame (13)
Scrolls
 o - 4 scrolls of teleportation
 r - 3 scrolls of poison
 s - a scroll of immolation
 x - 2 scrolls of amnesia
 y - 2 scrolls of enchant weapon
 A - a scroll of vulnerability
 E - a scroll of noise
 M - a scroll of brand weapon {unknown}
 O - a scroll of fog {unknown}
 P - a scroll of blinking {unknown}
 R - a scroll of acquirement {unknown}
Potions
 d - a potion of lignification
 g - a potion of experience
 k - 2 potions of curing
 n - a potion of brilliance {unknown}
 t - 4 potions of mutation
 u - 3 potions of magic
 w - a potion of flight
 F - a potion of cancellation {unknown}
 H - a potion of attraction {unknown}


   Skills:
 + Level 6.5 Fighting
 + Level 6.5 Short Blades
 + Level 6.5 Long Blades
 + Level 6.5 Axes
 + Level 6.5 Maces & Flails
 + Level 6.5 Polearms
 + Level 6.5 Staves
 + Level 6.5 Ranged Weapons
 + Level 6.5 Throwing
 + Level 8.1 Armour
 + Level 9.3 Dodging
 + Level 6.5 Stealth
 + Level 7.1 Shields
 + Level 6.5 Unarmed Combat
 + Level 7.2 Spellcasting
 + Level 5.4 Conjurations
 + Level 5.4 Hexes
 + Level 5.4 Summonings
 + Level 5.4 Necromancy
 + Level 5.4 Translocations
 + Level 5.4 Transmutations
 + Level 5.4 Fire Magic
 + Level 7.8 Ice Magic
 + Level 5.4 Air Magic
 + Level 5.4 Earth Magic
 + Level 5.4 Poison Magic
 + Level 7.2 Invocations
 + Level 6.5 Evocations


You had 13 spell levels left.
You knew the following spells:

 Your Spells              Type           Power      Damage    Failure   Level
a - Freeze                Ice            100%       1d10      1%          1
b - Mephitic Cloud        Conj/Pois/Air  31%        N/A       1%          3
c - Frozen Ramparts       Ice            84%        1d13      1%          3
d - Sticky Flame          Conj/Fire      31%        2d5       4%          4

Your spell library contained the following spells:

 Spells                   Type           Power      Damage    Failure   Level
 Flame Wave               Conj/Fire      31%        2d9       4%          4
 Slow                     Hex            100%       N/A       1%          1
 Sting                    Tmut/Pois      100%       1d8       1%          1
 Summon Small Mammal      Summ           100%       N/A       1%          1
 Ensorcelled Hibernation  Hex/Ice        74%        N/A       1%          2
 Poisonous Vapours        Pois/Air       62%        N/A       1%          2
 Ignite Poison            Fire/Tmut/Pois 31%        N/A       1%          3
 Passwall                 Tmut/Erth      25%        N/A       2%          2
 Swiftness                Air            31%        N/A       4%          3
 Olgreb's Toxic Radiance  Pois           31%        N/A       4%          4
 Cause Fear               Hex            15%        N/A       14%         4
 Spellforged Servitor     Conj/Summ      15%        N/A       95%         7
 Summon Hydra             Summ           15%        N/A       100%        7
 Ignition                 Fire           15%        3d6       100%        8


Dungeon Overview and Level Annotations

Branches:
Dungeon (9/15)             Temple (1/1) D:5             Orc (1/2) D:9
  IceCv (1/1)
   Lair: D:8-11

Altars:
Ashenzari
Cheibriados
Dithmenos
Elyvilon
Fedhas
Gozag
Hepliaklqana
Kikubaaqudgha
Makhleb
Nemelex Xobeh
Okawaru
Qazlal
Ru
Sif Muna
Trog
Uskayaw
Vehumet
Xom
Yredelemnul
Zin
The Shining One

Shops:
D:3 *

Annotations:
D:1 1 transporter
D:8 3 runed translucent doors, fleet's ghost, novice GnWn


Innate Abilities, Weirdness & Mutations

You have very sharp teeth.
Your uncanny sense of smell can sniff out nearby items.
Your experience applies equally to all skills.


Message History

Unknown command.
Unknown command.
Unknown command.
Casting: Sticky Flame (dangerous; 4% risk of failure)
Confirm with . or Enter, or press ? or * to list all spells.
Aiming: Sticky Flame (dangerous; 4% risk of failure)
Press: ? - help, Shift-Dir - straight line, f/p - freezing wraith
Aim: a freezing wraith (moderately damaged, unstickable)
The sticky flame hits the freezing wraith.
The freezing wraith is burned terribly!
The freezing wraith is moderately damaged.
The freezing wraith completely misses you.
You block the freezing wraith's attack. The freezing wraith closely misses you.
The freezing wraith hits you but does no damage.
Unknown command.
Unknown command.
Unknown command.
Casting: Sticky Flame (dangerous; 4% risk of failure)
Confirm with . or Enter, or press ? or * to list all spells.
Aiming: Sticky Flame (dangerous; 4% risk of failure)
Press: ? - help, Shift-Dir - straight line, f/p - freezing wraith
Aim: a freezing wraith (moderately damaged, unstickable)
Okay, then.
Unknown command.
It was a potion of flight.
You feel very buoyant.
You fly up into the air.
The freezing wraith hits you! The freezing wraith freezes you!!
* * * LOW HITPOINT WARNING * * *
You block the freezing wraith's attack.
Unknown command.
Unknown command.
Casting: Sticky Flame (dangerous; 4% risk of failure)
Confirm with . or Enter, or press ? or * to list all spells.
Okay, then.
Okay, then.
As you read the scroll labelled XUSKUTUCVIUMA, it crumbles to dust.
Wisps of shadow whirl around you...
It was a scroll of summoning.
The freezing wraith misses you. The freezing wraith hits you!
You die...

###### ###....##
###.W...5.#
##...###W.##
##...###@.##
##...###.5##
###...###...#
##....## #..##
##### #....##
#...### ###...####
#..###
##....###........##
#...#
##...............##
##...#
####.............#
###W..
##............#


You could see a freezing wraith (ally target) and 2 friendly ufetubi.

Vanquished Creatures
  2 two-headed ogres
  An orc high priest (Orc:1)
  Pikel (D:6)
  An orc knight (Orc:1)
  A troll (Orc:1)
  A hornet (D:9)
  Sigmund (D:4)
  3 wyverns
  A steam dragon (D:7)
  3 death yak simulacra (IceCv)
  A harpy simulacrum (IceCv)
  2 hydra simulacra (IceCv)
  An acid dragon (D:9)
  An ice beast (D:6)
  7 orc warriors
  2 sky beasts
  3 ogres
  3 phantoms
  2 lemures (D:6)
  A kobold brigand (D:8)
  2 bullfrogs
  A two-headed ogre simulacrum (Orc:1)
  2 cane toad simulacra
  5 gnoll sergeants
  2 scorpions
  8 wights
  7 killer bees
  An elephant simulacrum (IceCv)
  8 howler monkeys
  An electric eel (D:7)
  2 jellies
  6 orc priests
  4 hounds
  A gnoll bouda (D:9)
  2 iguanas
  Terence (D:2)
  2 orc wizards (Orc:1)
  4 sleepcaps
  5 troll simulacra (Orc:1)
  Ijyb (D:4)
  2 wolf simulacra (IceCv)
  2 polar bear simulacra (IceCv)
  A spriggan simulacrum (Orc:1)
  30 gnolls
  9 adders
  A naga simulacrum (IceCv)
  5 white imps
  3 ufetubi
  2 worms
  A dart slug (D:3)
  26 orcs
  9 ball pythons
  4 endoplasms
  3 giant cockroaches
  3 hobgoblins
  6 jackals
  15 kobolds
  3 quokkas
  10 bats
  3 frilled lizards
  3 goblins
  7 rats
251 creatures vanquished.

Vanquished Creatures (others)
  2 fungi (D:8)
  9 plants
11 creatures vanquished.

Grand Total: 262 creatures vanquished

Notes
Turn   | Place    | Note
-------+----------+-------------------------------------------
     0 | D:1      | zazu2006 the Gnoll Wanderer began the quest for the Orb.
     0 | D:1      | zazu2006 set off with the following items: a +0 dagger, 4
                  | throwing nets, a +0 buckler, a potion of berserk rage, a +0
                  | leather armour; and the following spell memorised: Freeze;
                  | and the following spells available to memorise: Frozen
                  | Ramparts.
     0 | D:1      | Reached XP level 1. HP: 13/13 MP: 4/4
   282 | D:1      | Reached XP level 2. HP: 19/19 MP: 3/5
   291 | D:1      | Found a faded altar of an unknown god.
   537 | D:1      | Reached XP level 3. HP: 25/25 MP: 5/7
   921 | D:2      | Identified the +8 falchion of Zaps {freeze, Drain rF- Int+8
                  | SInv}
   938 | D:2      | Reached skill level 1 in Invocations
  1063 | D:2      | Noticed Terence
  1088 | D:2      | Killed Terence
  1089 | D:2      | Reached skill level 1 in Fighting
  1089 | D:2      | Reached skill level 1 in Short Blades
  1089 | D:2      | Reached skill level 1 in Long Blades
  1089 | D:2      | Reached skill level 1 in Axes
  1089 | D:2      | Reached skill level 1 in Maces & Flails
  1089 | D:2      | Reached skill level 1 in Polearms
  1089 | D:2      | Reached skill level 1 in Staves
  1089 | D:2      | Reached skill level 1 in Ranged Weapons
  1089 | D:2      | Reached skill level 1 in Throwing
  1089 | D:2      | Reached skill level 1 in Stealth
  1089 | D:2      | Reached skill level 1 in Unarmed Combat
  1089 | D:2      | Reached skill level 1 in Evocations
  1089 | D:2      | Reached XP level 4. HP: 19/32 MP: 8/8
  1543 | D:3      | Found Feafamer's Assorted Antiques.
  1550 | D:3      | Bought a scroll labelled QILAOMA QIEMM for 18 gold pieces
  1550 | D:3      | Bought a fuming grey potion for 16 gold pieces
  1574 | D:3      | Reached skill level 1 in Conjurations
  1574 | D:3      | Reached skill level 1 in Hexes
  1574 | D:3      | Reached skill level 1 in Summonings
  1574 | D:3      | Reached skill level 1 in Necromancy
  1574 | D:3      | Reached skill level 1 in Translocations
  1574 | D:3      | Reached skill level 1 in Transmutations
  1574 | D:3      | Reached skill level 1 in Fire Magic
  1574 | D:3      | Reached skill level 1 in Air Magic
  1574 | D:3      | Reached skill level 1 in Earth Magic
  1574 | D:3      | Reached skill level 1 in Poison Magic
  1840 | D:3      | Reached XP level 5. HP: 28/37 MP: 9/9
  1977 | D:3      | Found a shimmering blue altar of Sif Muna.
  2341 | D:3      | Found a snail-covered altar of Cheibriados.
  2623 | D:4      | Reached XP level 6. HP: 36/44 MP: 11/11
  2821 | D:4      | Reached skill level 5 in Armour
  2878 | D:4      | Found a basalt altar of Yredelemnul.
  2954 | D:4      | Noticed Ijyb
  2957 | D:4      | Killed Ijyb
  3062 | D:4      | Noticed Sigmund
  3083 | D:4      | Killed Sigmund
  3084 | D:4      | Reached skill level 7 in Dodging
  3084 | D:4      | Reached XP level 7. HP: 12/51 MP: 12/12
  3388 | D:4      | Found a stormy altar of Qazlal.
  3397 | D:4      | Found an opulent altar of Gozag.
  3429 | D:5      | Entered Level 5 of the Dungeon
  3486 | D:5      | Found a staircase to the Ecumenical Temple.
  3497 | Temple   | Entered the Ecumenical Temple
  3608 | Temple   | Became a worshipper of Vehumet
  3860 | D:5      | Reached XP level 8. HP: 3/58 MP: 14/14
  4670 | D:6      | Identified the +1 robe "Fuexyfaz" {rPois Will- Str+8
                  | Stlth-}
  4698 | D:6      | Learned a level 3 spell: Frozen Ramparts
  5013 | D:6      | Reached * piety under Vehumet
  5013 | D:6      | Offered knowledge of Shock by Vehumet.
  5086 | D:6      | Noticed Pikel
  5150 | D:6      | Killed Pikel
  5151 | D:6      | Reached skill level 5 in Shields
  5151 | D:6      | Reached skill level 5 in Spellcasting
  5151 | D:6      | Reached XP level 9. HP: 50/65 MP: 12/16
  5314 | D:6      | You fall into a shaft and drop 3 floors!
  5621 | D:8      | Got Reasch's Grimoire of Called Maleficia
  5690 | D:8      | Reached skill level 8 in Dodging
  5734 | D:7      | Reached skill level 5 in Invocations
  6075 | D:6      | Identified the +8 quarterstaff of Uskayaw, Imbibing
                  | {protect, rC- Will+++ rCorr Str+4}
  7379 | D:7      | Reached skill level 5 in Fighting
  7379 | D:7      | Reached skill level 5 in Short Blades
  7379 | D:7      | Reached skill level 5 in Long Blades
  7379 | D:7      | Reached skill level 5 in Axes
  7379 | D:7      | Reached skill level 5 in Maces & Flails
  7379 | D:7      | Reached skill level 5 in Polearms
  7379 | D:7      | Reached skill level 5 in Staves
  7379 | D:7      | Reached skill level 5 in Ranged Weapons
  7379 | D:7      | Reached skill level 5 in Throwing
  7379 | D:7      | Reached skill level 5 in Stealth
  7379 | D:7      | Reached skill level 5 in Unarmed Combat
  7379 | D:7      | Reached skill level 5 in Evocations
  7379 | D:7      | Reached XP level 10. HP: 43/74 MP: 18/18
  7668 | D:7      | Reached ** piety under Vehumet
  7668 | D:7      | Offered knowledge of Sandblast by Vehumet.
  7974 | D:8      | Found a white marble altar of Elyvilon.
  8074 | D:8      | Noticed a two-headed ogre
  8082 | D:8      | Killed a two-headed ogre
  8359 | D:8      | Found a runed translucent gate.
  8359 | D:8      | Found a runed translucent gate.
  8359 | D:8      | Found a runed translucent gate.
  8363 | D:8      | Noticed fleet's ghost (novice GnWn)
  8841 | D:9      | Noticed a two-headed ogre
  8855 | D:9      | Killed a two-headed ogre
  8855 | D:9      | Offered knowledge of Scorch by Vehumet.
  9117 | D:9      | Found a staircase to the Orcish Mines.
  9363 | Orc:1    | Entered Level 1 of the Orcish Mines
  9363 | Orc:1    | Noticed an orc high priest
  9365 | Orc:1    | Noticed a smoke demon
  9380 | Orc:1    | Killed an orc high priest
  9381 | Orc:1    | Reached skill level 9 in Dodging
  9381 | Orc:1    | Reached skill level 5 in Conjurations
  9381 | Orc:1    | Reached skill level 5 in Hexes
  9381 | Orc:1    | Reached skill level 5 in Summonings
  9381 | Orc:1    | Reached skill level 5 in Necromancy
  9381 | Orc:1    | Reached skill level 5 in Translocations
  9381 | Orc:1    | Reached skill level 5 in Transmutations
  9381 | Orc:1    | Reached skill level 5 in Fire Magic
  9381 | Orc:1    | Reached skill level 5 in Air Magic
  9381 | Orc:1    | Reached skill level 5 in Earth Magic
  9381 | Orc:1    | Reached skill level 5 in Poison Magic
  9381 | Orc:1    | Reached XP level 11. HP: 75/81 MP: 19/21
  9386 | Orc:1    | Reached *** piety under Vehumet
  9464 | Orc:1    | Noticed an orc knight
  9490 | Orc:1    | Offered knowledge of Mephitic Cloud by Vehumet.
  9498 | Orc:1    | Learned a level 3 spell: Mephitic Cloud
  9502 | Orc:1    | Killed an orc knight
  9529 | Orc:1    | Learned a level 4 spell: Sticky Flame
  9597 | Orc:1    | Found a frozen archway.
  9718 | IceCv    | Entered an ice cave
 10060 | IceCv    | Reached **** piety under Vehumet
 10246 | IceCv    | Offered knowledge of Flame Wave by Vehumet.
 10261 | IceCv    | Slain by a freezing wraith

Illustrated notes

Levels and vault maps discovered:
D:1:      spicycebolla_arrival_risky_transporter, layout_basic,
          hellmonk_ecumenical_altar_run_dry
D:2:      layout_basic, uniq_terence
D:3:      layout_basic, kennysheep_slug_shrine, mainiacjoe_overflow_alcove_1,
          serial_shops, shop, kennysheep_generic_room_6
D:4:      layout_cave_pools, yredelemnul_altar_generic,
          mainiacjoe_overflow_swirl, hangedman_decor_slide_cut, uniq_ijyb,
          uniq_sigmund
D:5:      layout_basic, minmay_temple_entry_junction_2
D:6:      layout_basic, lemuel_flamethrower_1, uniq_pikel
D:7:      layout_loops_ring, serial_bayou_lagoon_b
D:8:      layout_loops_ring, elyvilon_altar_5, gammafunk_ghost_nasty_kobolds
D:9:      layout_loops_ring, orc_david_3, minivault_27
Temple:   eino_temple_rhombus
Orc:1:    layout_diamond_mine, portal_ice_cave_entry_ice_simulacra,
          mumra_transporter_accident
IceCv:    ice_cave_small_necro

Skill      XL: |  1  2  3  4  5  6  7  8  9 10 11 |
---------------+----------------------------------+-----
Invocations    | 1 2 3 4 5 6 7 |  7.2
Fighting       | 1 2 3 4 5 6 |  6.5
Short Blades   | 1 2 3 4 5 6 |  6.5
Long Blades    | 1 2 3 4 5 6 |  6.5
Axes           | 1 2 3 4 5 6 |  6.5
Maces & Flails | 1 2 3 4 5 6 |  6.5
Polearms       | 1 2 3 4 5 6 |  6.5
Staves         | 1 2 3 4 5 6 |  6.5
Ranged Weapons | 1 2 3 4 5 6 |  6.5
Throwing       | 1 2 3 4 5 6 |  6.5
Stealth        | 1 2 3 4 5 6 |  6.5
Unarmed Combat | 1 2 3 4 5 6 |  6.5
Evocations     | 1 2 3 4 5 6 |  6.5
Spellcasting   | 3 4 5 6 7 |  7.2
Conjurations   | 1 2 3 4 5 |  5.4
Hexes          | 1 2 3 4 5 |  5.4
Summonings     | 1 2 3 4 5 |  5.4
Necromancy     | 1 2 3 4 5 |  5.4
Translocations | 1 2 3 4 5 |  5.4
Transmutations | 1 2 3 4 5 |  5.4
Fire Magic     | 1 2 3 4 5 |  5.4
Air Magic      | 1 2 3 4 5 |  5.4
Earth Magic    | 1 2 3 4 5 |  5.4
Poison Magic   | 1 2 3 4 5 |  5.4
Shields        | 3 4 5 6 7 |  7.1
Armour         | 5 6 7 8 |  8.1
Dodging        | 7 8 9 |  9.3
Ice Magic      | 6 7 |  7.8

Action                     |  1- 3 |  4- 6 |  7- 9 | 10-12 || total
---------------------------+-------+-------+-------+-------++-------
  Melee: Dagger            |     9 |       |       |       ||     9
         Bite              |     4 |    14 |    25 |    17 ||    60
         Falchion          |    14 |   113 |   224 |   182 ||   533
         Whip              |     4 |       |       |       ||     4
   Cast: Freeze            |    31 |     1 |     6 |       ||    38
         Frozen Ramparts   |       |       |    10 |     9 ||    19
         Sticky Flame      |       |       |       |    24 ||    24
         Mephitic Cloud    |       |       |       |     1 ||     1
  Evoke: Wand              |       |       |     1 |    13 ||    14
    Use: Potion            |       |     1 |     3 |     4 ||     8
         Scroll            |       |       |     4 |    13 ||    17
   Stab: Sleeping          |     1 |     6 |       |     1 ||     8
         Paralysed         |       |       |     3 |     3 ||     6
 Armour: Leather armour    |    16 |    18 |    33 |    28 ||    95
  Dodge: Dodged            |    36 |    55 |   190 |   136 ||   417
  Block: Buckler           |    11 |    24 |    64 |    84 ||   183
